 Dungeon Crawl Stone Soup version 0.24-a0-317-g5cb8de4b22 (webtiles) character file.

Game seed: 17957126936957846761

49 HAL9000 the Sneak (level 3, -1/18 HPs)
             Began as a Vine Stalker Assassin on May 16, 2019.
             Slain by a sky beast (4 damage)
             ... on level 2 of the Dungeon.
             The game lasted 00:01:08 (2077 turns).

HAL9000 the Sneak (Vine Stalker Assassin)           Turns: 2077, Time: 00:01:08

Health: -1/18      AC:  3    Str: 13    XL:     3   Next: 75%
Magic:  0/4        EV: 11    Int: 11    God:
Gold:   92         SH:  0    Dex: 16    Spells: 2/2 levels left

rFire    . . .     SeeInvis .   a - +2 dagger
rCold    . . .     Gourm    .   (no shield)
rNeg     . . .     Faith    .   b - +0 robe
rPois    .         Spirit   +   (no helmet)
rElec    .         Reflect  .   c - +0 cloak
rCorr    .         Harm     .   (no gloves)
MR       .....                  (no boots)
Stlth    +++.......             (no amulet)
HPRegen  0.06/turn              (no ring)
MPRegen  0.09/turn              (no ring)

@: no status effects
A: fangs 2, magic shield, antimagic bite, no potion heal 3, rot immunity
a: no special abilities


You were on level 2 of the Dungeon.
You were hungry.

You visited 1 branch of the dungeon, and saw 2 of its levels.

You collected 92 gold pieces.

Inventory:

Hand Weapons
 a - a +2 dagger (weapon)
Missiles
 d - 8 poisoned darts
 e - a curare-tipped dart (quivered)
Armour
 b - a +0 robe (worn)
 c - a +0 cloak (worn)
Scrolls
 h - 3 scrolls of remove curse {unknown}
 i - 5 scrolls of identify {unknown}
 j - a scroll of magic mapping {unknown}
Potions
 g - 2 potions of lignification {unknown}
 k - 2 potions of curing {unknown}
 m - a potion of degeneration {unknown}
Comestibles
 f - 5 rations


   Skills:
 - Level 1.7 Fighting
 + Level 3.6 Short Blades
 - Level 1.7 Throwing
 - Level 0.7 Dodging
 - Level 4.8 Stealth


You had 2 spell levels left.
You didn't know any spells.
Your spell library was empty.

Dungeon Overview and Level Annotations

Branches:
Dungeon (2/15)

Altars:
Cheibriados


Innate Abilities, Weirdness & Mutations

You have extremely sharp teeth.
When hurt, damage is shared between your health and your magic reserves.
Your bite disrupts and absorbs the magic of your enemies.
Potions cannot restore your health.
You are immune to rotting.


Message History

The sky beast is heavily wounded.
The sky beast flickers out of sight!
Deactivating autopickup; reactivate with Ctrl-A.
Something hits you but does no damage.
You barely miss something. You hit something but do no damage.
You are feeling hungry.
Something hits you but does no damage.
You miss something. Something hits you. Something shocks you.
* * * LOW HITPOINT WARNING * * *
You barely miss something. You miss something. Your bite misses something.
Something hits you but does no damage.
You miss something. You bite something. You drain its power.
You feel invigorated.
Unknown command.
You miss something. Something hits you.
* * * LOW HITPOINT WARNING * * *
Something shocks you.
You die...

#
#.###########################
#...>........................
#....#..............#########
#.........##.........#####
#.........................
#.#.....#.###.#.##.#.#####
#####.#{#...#.##.#.# #
#.#@#.###......# #
###.#...####.### # #.###.#
#.# # #.###.# #)# #
##########...#<####.###
#.................[...#
#......#.#.#.#.#.#....#
#.....................#
#.....#.#.#.#.#.#.#..##


There were no monsters in sight!

Vanquished Creatures
  2 adders (D:2)
  An ooze (D:2)
  2 dart slugs (D:2)
  2 bats
  5 goblins
  A hobgoblin (D:1)
  4 jackals (D:2)
  3 kobolds
  2 rats
22 creatures vanquished.

Notes
Turn   | Place    | Note
-------+----------+-------------------------------------------
     0 | D:1      | HAL9000 the Vine Stalker Assassin began the quest for the
                  | Orb.
     0 | D:1      | Reached XP level 1. HP: 11/11 MP: 2/2
   489 | D:1      | Reached XP level 2. HP: 13/15 MP: 3/3
  1481 | D:2      | Reached XP level 3. HP: 12/18 MP: 2/4
  1647 | D:2      | Found a snail-covered altar of Cheibriados.
  2053 | D:2      | Noticed a sky beast
  2077 | D:2      | Slain by a sky beast

Levels and vault maps discovered:
D:1:      wheals_arrival_shading, layout_basic
D:2:      layout_basic, first_ration, serial_curves, eino_curves_04,
          eino_curves_01, hex_large, cheibriados_altar_1

Skill      XL: |  1  2 |
---------------+-------+-----
Short Blades   | 2 3 |  3.6
Fighting       | |  1.7
Throwing       | |  1.7
Dodging        | |  0.7
Stealth        | |  4.8

Action                   || total
-------------------------++-------
Melee: Dagger            ||    77
       Bite              ||    18
Throw: Dart              ||     1
 Stab: Sleeping          ||     2
  Eat: Chunk             ||     3
Armor: Robe              ||    15
Dodge: Dodged            ||    32

Table legend:
 A = Non-vault XP
 B = Vault XP
 C = Vault XP percentage of total XP
 D = Non-vault monster count
 E = Vault monster count
 F = Vault count percentage of total count
                 A         B        C        D         E       F
            +---------+---------+-------+---------+---------+-------
      Total |      70 |       0 |   0.0 |      22 |       0 |   0.0
            +---------+---------+-------+---------+---------+-------
        D:1 |      15 |       0 |   0.0 |       8 |       0 |   0.0
        D:2 |      55 |       0 |   0.0 |      14 |       0 |   0.0
            +---------+---------+-------+---------+---------+-------
